 Dungeon Crawl Stone Soup version 0.19-a0-1827-g174f941 (webtiles) character file.

892 qqqbard the Digger (level 8, -1/41 HPs)
             Began as a Gargoyle Earth Elementalist on Oct 7, 2016.
             Was a Follower of Vehumet.
             Incinerated by amaril's ghost (6 damage)
             ... with a sticky flame
             ... on level 6 of the Dungeon.
             The game lasted 00:14:12 (4992 turns).

qqqbard the Digger (Gargoyle Earth Elementalist)    Turns: 4992, Time: 00:14:13

Health: -1/41      AC:  9    Str: 12    XL:     8   Next: 6%
Magic:  0/15       EV: 13    Int: 18    God:    Vehumet [*.....]
Gold:   71         SH:  0    Dex: 10    Spells: 2 memorised, 13 levels left

rFire  . . .     SeeInvis .     G - +8 mithril axe "Arga" {speed, MR+}
rCold  . . .     Gourm    .     c - +1 robe
rNeg   + . .     Faith    .     (no shield)
rPois  ∞         Spirit   +     (no helmet)
rElec  +         Dismiss  .     (no cloak)
rCorr  .         Reflect  .     (no gloves)
MR     +....     Harm     .     k - +0 pair of boots
Stlth  +.........               r - amulet of guardian spirit
                                (no ring)
                                (no ring)

@: liquid flames, very slightly contaminated, glowing
A: negative energy resistance 1, electricity resistance, unbreathing,
petrification resistance, rot immunity, AC +5
a: Renounce Religion


You were on level 6 of the Dungeon.
You worshipped Vehumet.
Vehumet was aware of your devotion.
You were near starving.

You visited 2 branches of the dungeon, and saw 7 of its levels.

You collected 281 gold pieces.
You spent 210 gold pieces at shops.

Inventory:

Hand Weapons
 g - a +0 dagger
 t - a +2 dagger of draining
 G - the +8 mithril axe "Arga" (weapon) {speed, MR+}
   (You found it on level 6 of the Dungeon)

   Attacks with this weapon are significantly faster.
   It affects your resistance to hostile enchantments.
Missiles
 b - 243 stones (quivered)
Armour
 c - a +1 robe (worn)
 k - a +0 pair of boots (worn)
 v - a +0 pair of gloves
Jewellery
 r - an amulet of guardian spirit (around neck)
 E - a cursed ring of loudness {unknown}
Wands
 y - a wand of paralysis (11/24)
 H - a wand of lightning (4/15)
 J - a wand of enslavement (8/24)
Scrolls
 o - 6 scrolls of enchant armour
 p - 3 scrolls of enchant weapon
 s - 3 scrolls of remove curse
 w - 4 scrolls of teleportation {unknown}
 x - 7 scrolls of identify
 C - a scroll of blinking {unknown}
 D - a scroll of fog {unknown}
 F - a scroll of random uselessness {unknown}
Potions
 a - 2 potions of might {unknown}
 f - a potion of flight {unknown}
 h - a potion of lignification {unknown}
 n - a potion of magic {unknown}
 q - a potion of agility {unknown}
 u - a potion of berserk rage {unknown}
 z - 3 potions of heal wounds
 A - 5 potions of curing
 B - 3 potions of brilliance {unknown}
 I - a potion of mutation {unknown}
Books
 e - a book of Geomancy

   Spells                             Type                      Level
   a - Sandblast                      Earth                        1
   b - Passwall                       Transmutation/Earth          2
   c - Stone Arrow                    Conjuration/Earth            3
   d - Petrify                        Transmutation/Earth          4
   e - Lee's Rapid Deconstruction     Earth                        5
Comestibles
 d - 3 bread rations
 i - 5 fruits
 j - a beef jerky
 l - 2 meat rations
 K - a slice of pizza


   Skills:
 + Level 3.1 Armour
 + Level 3.1 Dodging
 - Level 2.1 Stealth
 + Level 5.3 Spellcasting
   Level 0.7 Transmutations
 + Level 7.2 Earth Magic


You had 13 spell levels left.
You knew the following spells:

 Your Spells              Type           Power        Failure   Level  Hunger
a - Sandblast             Erth           ####..       1%          1    None
b - Stone Arrow           Conj/Erth      ###...       12%         3    ##.....


Dungeon Overview and Level Annotations

Branches:
Dungeon (6/15)             Temple (1/1) D:5

Altars:
Ashenzari
Cheibriados
Dithmenos
Elyvilon
Fedhas
Gozag
Hepliaklqana
Kikubaaqudgha
Makhleb
Nemelex Xobeh
Okawaru
Qazlal
Ru
Sif Muna
Trog
Uskayaw
Vehumet
Xom
Yredelemnul
Zin
The Shining One

Shops:
D:4 :*   D:5 !*

Annotations:
D:6 amaril's ghost, novice HEFE


Innate Abilities, Weirdness & Mutations

You are resistant to torment.
Your stone body is resilient. (AC +5)
You are immune to poison.
You resist negative energy. (rN+)
You are resistant to electric shocks. (rElec)
You can survive without breathing.
You are immune to petrification.
You are immune to rotting.


Message History

Confirm with . or Enter, or press ? or * to list all spells.
You don't have enough magic to cast that spell.
Casting: Stone Arrow
Confirm with . or Enter, or press ? or * to list all spells.
Aiming: Sandblast
Press: ? - help, Shift-Dir - straight line, f/p - amaril's ghost
Aim: amaril's ghost (lightly damaged)
The blast of sand hits amaril's ghost.
Amaril's ghost is lightly damaged.
You are covered in liquid flames!
* * * LOW HITPOINT WARNING * * *
Amaril's ghost hits you.
* * * LOW HITPOINT WARNING * * *
As you read the scroll labeled DOERUBU ASOTSE, it crumbles to dust.
It is a scroll of amnesia.
Forget which spell ([?*] list [ESC] exit)?
Forget which spell ([?*] list [ESC] exit)?
Okay, then.
You are covered in liquid flames!
You die...

##..... . .......
.....P. ##.....
....... .......
...... ....... .....
....... ###''' ##
...#### ##≈≈... ≈##
...# ##≈≈♣..W♣≈≈##
...# ##≈≈♣.♣.♣@♣≈≈#
(..# ##≈≈♣...♣...♣
...# ##≈≈♣.♣.♣.♣.♣.♣
..####≈≈♣...♣.8.♣...♣
..#
#≈≈♣.♣.♣.♣.♣.♣.♣.♣
..# ♣...♣...♣...♣...♣
..#
.♣.♣.♣.♣.♣.♣.♣.♣.≈
..#
≈..♣.8.♣.8.♣.8.♣).≈
..#
≈.♣.♣.♣.♣.♣.♣.♣.♣.


You could see amaril's ghost.

Vanquished Creatures
  Prince Ribbit (D:5)
  A sky beast (D:6)
  2 bullfrogs (D:6)
  2 crimson imps
  2 hounds
  An orc wizard (D:4)
  2 orc priests
  2 worker ants
  8 adders
  A howler monkey skeleton (D:6)
  An ooze (D:2)
  2 adder skeletons
  3 worms
  3 dart slugs
  8 leopard geckos
  15 orcs
  3 giant cockroaches
  4 goblins
  9 hobgoblins
  14 jackals
  2 ball pythons
  6 bats
  4 frilled lizards
  A jackal skeleton (D:4)
  9 kobolds
  A quokka skeleton (D:5)
  A quokka zombie (D:5)
  6 rats
114 creatures vanquished.

Notes
Turn   | Place    | Note
-------+----------+-------------------------------------------
     0 | D:1      | qqqbard the Gargoyle Earth Elementalist began the quest for the Orb.
     0 | D:1      | Reached XP level 1. HP: 10/10 MP: 3/3
    93 | D:1      | Reached XP level 2. HP: 13/15 MP: 5/5
   190 | D:1      | Reached skill level 4 in Earth Magic
   433 | D:1      | Reached XP level 3. HP: 11/19 MP: 1/7
  1208 | D:2      | Learned a level 3 spell: Stone Arrow
  1376 | D:2      | Reached XP level 4. HP: 17/24 MP: 8/8
  1550 | D:2      | Reached skill level 5 in Earth Magic
  2071 | D:3      | Reached XP level 5. HP: 28/28 MP: 3/10
  2083 | D:3      | Found a shadowy altar of Dithmenos.
  2753 | D:4      | Found Pojodyosuy's Book Shop.
  2844 | D:4      | Found Lanisef's Assorted Antiques.
  2990 | D:4      | Reached XP level 6. HP: 26/32 MP: 1/12
  3000 | D:4      | Reached skill level 6 in Earth Magic
  3274 | D:5      | Entered Level 5 of the Dungeon
  3295 | D:5      | Found a staircase to the Ecumenical Temple.
  3330 | D:5      | Found Maucoist's General Store.
  3339 | D:5      | Bought a potion of curing for 39 gold pieces
  3339 | D:5      | Bought a potion of curing for 39 gold pieces
  3370 | Temple   | Entered the Ecumenical Temple
  3530 | Temple   | Became a worshipper of Vehumet
  3618 | D:5      | Found a shattered altar of Ashenzari.
  3653 | D:5      | Noticed Prince Ribbit
  3671 | D:5      | Killed Prince Ribbit
  3671 | D:5      | Reached skill level 1 in Armour
  3671 | D:5      | Reached XP level 7. HP: 19/36 MP: 1/14
  3935 | D:5      | Found Kukaapez's Distillery.
  3941 | D:5      | Bought a potion of heal wounds for 60 gold pieces
  3941 | D:5      | Bought a potion of degeneration for 12 gold pieces
  3941 | D:5      | Bought a potion of heal wounds for 60 gold pieces
  4583 | D:6      | Reached skill level 5 in Spellcasting
  4664 | D:6      | Reached skill level 7 in Earth Magic
  4767 | D:6      | Reached XP level 8. HP: 41/41 MP: 8/15
  4969 | D:6      | Reached * piety under Vehumet
  4969 | D:6      | Offered knowledge of Sting by Vehumet.
  4983 | D:6      | Noticed amaril's ghost (novice HEFE)
  4992 | D:6      | Incinerated by amaril's ghost

Vault maps used:
D:1:      dpeg_arrival_water_temple_mockup, minmay_small_reverse_x
D:2:      solitary_fountain
D:3:      grunt_dithmenos_smoke_and_mirrors
D:4:      serial_shops, shop, shop
D:5:      first_bread, serial_shops, nicolae_shop_trees,
          nicolae_shop_statue_plus, basic_altar, minmay_fountain_box,
          uniq_prince_ribbit1
D:6:      kennysheep_cluttered_room, fedhas_altar_1
Temple:   regret_index_temple_chain_breaker

Skill      XL: |  1  2  3  4  5  6  7 |
---------------+----------------------+-----
Earth Magic    | 4 5 6 7 |  7.2
Spellcasting   | 3 4 5 |  5.3
Armour         | 1 3 |  3.1
Dodging        | 2 3 |  3.1
Stealth        | |  2.1
Transmutations | |  0.7

Action                   |  1- 3 |  4- 6 |  7- 9 || total
-------------------------+-------+-------+-------++-------
Melee: Dagger            |   117 |   160 |   174 ||   451
       Unarmed           |     8 |       |       ||     8
       Broad axe         |       |       |     7 ||     7
 Cast: Sandblast         |    50 |    17 |    10 ||    77
       Stone Arrow       |       |    19 |    16 ||    35
  Use: Scroll            |       |     8 |     1 ||     9
 Stab: Sleeping          |     4 |     1 |       ||     5
  Eat: Chunk             |     2 |     8 |       ||    10
       Meat ration       |       |       |     1 ||     1
Armor: Robe              |    52 |    66 |    71 ||   189
Dodge: Dodged            |    87 |   101 |    97 ||   285
